 Dungeon Crawl Stone Soup version 0.28.0 (webtiles) character file.

Game seed: 2519599377949368536

453 derockmon1 the Chopper (level 7, -2/91 HPs)
             Began as a Hill Orc Berserker on Feb 13, 2022.
             Was a Priest of Trog.
             Slain by a lemure (4 damage)
             ... led by Pikel
             ... on level 5 of the Dungeon.
             The game lasted 00:28:16 (4307 turns).

derockmon1 the Chopper (Hill Orc Berserker)         Turns: 4307, Time: 00:28:17

Health: -2/91      AC: 12    Str: 22    XL:     7   Next: 5%
Magic:  7/7        EV: 12    Int: 13    God:    Trog [***...]
Gold:   300        SH:  0    Dex:  8    Spells: 6/6 levels left

rFire   . . .      SeeInvis .   w - +0 war axe
rCold   . . .      Faith    .   (no shield)
rNeg    . . .      Spirit   .   e - +0 chain mail
rPois   +          Reflect  .   (no helmet)
rElec   +          Harm     .   k - +0 cloak
rCorr   .          Rampage  .   (no gloves)
Will    +....                   j - +0 pair of boots of Supple Strength {rPois Will+ Dex-2}
Stlth   ..........              (no amulet)
HPRegen 0.25/turn               n - ring "Taus" {rElec EV+4}
MPRegen 0.10/turn               o - +6 ring of intelligence

@: berserking, very quick
A: no striking features
a: Renounce Religion, Berserk, Trog's Hand


You were on level 5 of the Dungeon.
You worshipped Trog.
Trog was most pleased with you.
You visited 2 branches of the dungeon, and saw 6 of its levels.

You collected 300 gold pieces.

Inventory:

Hand Weapons
 a - a +0 hand axe
 w - a +0 war axe (weapon)
Armour
 e - a +0 chain mail (worn)
 j - the +0 pair of boots of Supple Strength (worn) {rPois Will+ Dex-2}
   (You found it on level 2 of the Dungeon)

   Dex:       It affects your dexterity (-2).
   rPois:     It protects you from poison.
   Will:      It increases your willpower.
 k - a +0 cloak (worn)
Jewellery
 d - a ring of fire
 n - the ring "Taus" (left hand) {rElec EV+4}
   (You found it on level 4 of the Dungeon)

   [ring of evasion]

   EV:        It affects your evasion (+4).
   rElec:     It insulates you from electricity.
 o - a +6 ring of intelligence (right hand)
 q - an amulet of faith
Scrolls
 b - a scroll of identify
 c - 2 scrolls of teleportation
 g - 2 scrolls of noise {unknown}
 h - 2 scrolls of enchant weapon {unknown}
 l - a scroll of silence {unknown}
 p - a scroll of torment {unknown}
 r - a scroll of vulnerability {unknown}
 s - a scroll of brand weapon {unknown}
 v - a scroll of fear {unknown}
 x - 2 scrolls of magic mapping {unknown}
Potions
 f - a potion of resistance {unknown}
 i - 2 potions of curing
 m - a potion of cancellation {unknown}
 t - a potion of might {unknown}
 u - a potion of magic {unknown}


   Skills:
 + Level 5.4 Fighting
 + Level 7.1 Axes
 + Level 4.4 Armour
 + Level 2.4 Dodging
 - Level 0.1 Stealth


You had 6 spell levels left.
You didn't know any spells.
Your spell library was empty.

Dungeon Overview and Level Annotations

Branches:
Dungeon (5/15)             Temple (1/1) D:4

Altars:
Ashenzari
Cheibriados
Dithmenos
Elyvilon
Fedhas
Hepliaklqana
Makhleb
Nemelex Xobeh
Qazlal
Ru
Trog
Wu Jian
Yredelemnul
Zin

Annotations:
D:5 Pikel


Message History

Pikel hits you with a +0 whip of flaming.
* * * LOW HITPOINT WARNING * * *
Pikel burns you.
* * * LOW HITPOINT WARNING * * *
A red film seems to cover your vision as you go berserk!
You feel yourself moving faster!
You feel mighty! The lemure closely misses you. The lemure barely misses you.
The ice beast barely misses you.
Pikel hits you with a +0 whip of flaming.
* * * LOW HITPOINT WARNING * * *
Pikel burns you.
* * * LOW HITPOINT WARNING * * *
Okay, then.
You are too berserk!
You barely miss the lemure.
The lemure is moderately wounded.
You closely miss the lemure. You hit the ice beast. You completely miss Pikel.
The lemure hits you.
* * * LOW HITPOINT WARNING * * *
The lemure hits you.
* * * LOW HITPOINT WARNING * * *
The ice beast barely misses you.
You slash the lemure!
The lemure is severely wounded.
You closely miss the lemure. You barely miss the ice beast. You slash Pikel!
Pikel hits you but does no damage. The lemure hits you.
* * * LOW HITPOINT WARNING * * *
The lemure barely misses you. The ice beast hits you.
* * * LOW HITPOINT WARNING * * *
The ice beast freezes you.
* * * LOW HITPOINT WARNING * * *
You closely miss the lemure.
The lemure is severely wounded.
You slash Pikel! You barely miss the ice beast. You hit the lemure.
Pikel hits you with a +0 whip of flaming.
* * * LOW HITPOINT WARNING * * *
Pikel burns you.
* * * LOW HITPOINT WARNING * * *
The lemure hits you.
You die...

#...... ....! ... .....
... .... .... ###
##..#... ...# ...#.#
....# #Y...#.##
.....##@5...... #..<
......K5###....####....
......55## #.
........g. .....##..#
#:##..#..# .. .....
##.# #..##....##.. ....
#.####.#...#....# ...
#...#........)... ...
###..............
##.............


You could see Pikel, an ice beast and 4 lemures.

Vanquished Creatures
  A necrophage (D:4)
  A scorpion (D:5)
  Crazy Yiuf (D:2)
  A bullfrog skeleton (D:4)
  2 hounds
  An iguana (D:4)
  A hound skeleton (D:4)
  3 adders (D:4)
  6 gnolls
  An adder skeleton (D:4)
  A dart slug (D:1)
  3 orcs
  7 ball pythons
  2 bats
  5 endoplasms
  A giant cockroach (D:1)
  9 goblins
  10 hobgoblins
  5 quokkas
  A frilled lizard (D:2)
  7 kobolds
  A quokka skeleton (D:4)
  7 rats
77 creatures vanquished.

Vanquished Creatures (others)
  2 fungi (D:2)
2 creatures vanquished.

Grand Total: 79 creatures vanquished

Notes
Turn   | Place    | Note
-------+----------+-------------------------------------------
     0 | D:1      | derockmon1 the Hill Orc Berserker began the quest for the
                  | Orb.
     0 | D:1      | Reached XP level 1. HP: 19/19 MP: 1/1
   257 | D:1      | Reached XP level 2. HP: 13/27 MP: 2/2
   705 | D:1      | Reached XP level 3. HP: 29/33 MP: 3/3
  1412 | D:2      | Reached ** piety under Trog
  1488 | D:2      | Identified the +0 pair of boots of Supple Strength {rPois
                  | Will+ Dex-2}
  1598 | D:2      | Found a runed translucent door.
  1599 | D:2      | Noticed Crazy Yiuf
  1642 | D:2      | Killed Crazy Yiuf
  1643 | D:2      | Reached skill level 5 in Axes
  1643 | D:2      | Reached XP level 4. HP: 15/41 MP: 4/4
  1897 | D:2      | Identified the +2 robe of Disappointment {Archmagi}
  2469 | D:3      | Reached XP level 5. HP: 47/47 MP: 5/5
  2502 | D:3      | Found a hazy altar of Hepliaklqana.
  2503 | D:3      | Found a shadowy altar of Dithmenos.
  2503 | D:3      | Noticed a shadow
  2932 | D:4      | Reached skill level 5 in Fighting
  3011 | D:4      | Identified the ring "Taus" {rElec EV+4}
  3011 | D:4      | Noticed a necrophage
  3028 | D:4      | Killed a necrophage
  3029 | D:4      | Reached skill level 6 in Axes
  3029 | D:4      | Reached XP level 6. HP: 51/56 MP: 6/6
  3361 | D:4      | Found a staircase to the Ecumenical Temple.
  3371 | D:4      | Reached *** piety under Trog
  3379 | Temple   | Entered the Ecumenical Temple
  3695 | D:4      | Identified the +11 whip "Mait" {spect, Fly}
  4156 | D:5      | Entered Level 5 of the Dungeon
  4259 | D:5      | Reached skill level 7 in Axes
  4259 | D:5      | Reached XP level 7. HP: 60/61 MP: 7/7
  4295 | D:5      | Noticed Pikel
  4307 | D:5      | HP: 3/91 [Pikel (4)]
  4307 | D:5      | Slain by a lemure

Illustrated notes

Levels and vault maps discovered:
D:1:      dpeg_arrival_rhombi, layout_basic, hangedman_feature_mirror
D:2:      layout_loops_ring, uniq_crazy_yiuf_cottage
D:3:      layout_rooms, riverfiend_overflow_shadow_ancestor, serial_aquarium,
          aquarium_bridge_straight [aquarium_subvault_bridge,
          aquarium_subvault_wall, aquarium_subvault_bridge,
          aquarium_subvault_window], aquarium_bridge_long_joined
          [aquarium_subvault_window, aquarium_subvault_bridge,
          aquarium_subvault_bridge, aquarium_subvault_wall,
          aquarium_subvault_wall, aquarium_subvault_bridge],
          aquarium_window_corner, aquarium_window_fake, aquarium_view_2b,
          aquarium_balcony_double_1
D:4:      layout_loops_ring, minmay_temple_entry_arrows, minmay_pentomino_pile
D:5:      layout_rooms, nicolae_tso_besieged_by_evil, nicolae_sextant,
          uniq_pikel
Temple:   minmay_temple_bridge_abc

Skill      XL: |  1  2  3  4  5  6 |
---------------+-------------------+-----
Fighting       | 4 5 |  5.4
Dodging        | 2 |  2.4
Axes           | 5 6 7 |  7.1
Armour         | 3 4 |  4.4
Stealth        | |  0.1

Action                   |  1- 3 |  4- 6 |  7- 9 || total
-------------------------+-------+-------+-------++-------
Melee: Hand axe          |   116 |   161 |       ||   277
       Punch             |     2 |     2 |       ||     4
       War axe           |       |    15 |    16 ||    31
Invok: Berserk           |     1 |       |     1 ||     2
  Use: Scroll            |       |     2 |       ||     2
Armor: Animal skin       |    10 |       |       ||    10
       Chain mail        |    22 |    84 |     8 ||   114
Dodge: Dodged            |    62 |   103 |    11 ||   176
